 Dungeon Crawl Stone Soup version 0.28.0-47-ge53b351184 (webtiles) character file.

Game seed: 4312390111919871571

4510 bobregger the Basher (level 10, -4/92 HPs)
             Began as an Ogre Berserker on May 4, 2022.
             Was a Believer of Trog.
             Shot with a bolt by an orc (14 damage)
             ... in a bailey.
             The game lasted 00:14:38 (12878 turns).

bobregger the Basher (Ogre Berserker)              Turns: 12878, Time: 00:14:38

Health: -4/92      AC:  6    Str: 23      XL:     10   Next: 39%
Magic:  0/10       EV: 10    Int:  7 (8)  God:    Trog [**....]
Gold:   316        SH:  0    Dex: 11 (12) Spells: 9/9 levels left

rFire   . . .      SeeInvis +   r - +3 giant spiked club (chaos)
rCold   + . .      Faith    .   (shield currently unavailable)
rNeg    + . .      Spirit   +   o - +1 robe {rC+}
rPois   .          Reflect  .   (helmet restricted)
rElec   .          Harm     .   (no cloak)
rCorr   .          Rampage  .   (gloves unavailable)
Will    +....                   (boots unavailable)
Stlth   +.........              q - amulet of guardian spirit
HPRegen 0.25/turn               m - ring of see invisible
MPRegen 0.12/turn               s - ring of positive energy

@: on berserk cooldown, hasted and slowed
A: large, unfitting armour, tough skin 1, horns 1, iridescent scales 1, passive
freeze, screaming 1
a: Renounce Religion, Berserk, Trog's Hand


You were in a bailey.
You worshipped Trog.
Trog was pleased with you.
You visited 1 branch of the dungeon, and saw 9 of its levels.
You also visited: Bailey.

You collected 316 gold pieces.

Inventory:

Hand Weapons
 r - a +3 giant spiked club of chaos (weapon)
Armour
 b - a +0 animal skin
 o - a +1 robe of cold resistance (worn)
Jewellery
 c - a ring of ice
 m - a ring of see invisible (left hand)
 q - an amulet of guardian spirit (around neck)
 s - a ring of positive energy (right hand)
Wands
 a - a wand of acid (8)
 g - a wand of digging (3)
Scrolls
 h - a scroll of holy word
 i - a scroll of teleportation
 n - 3 scrolls of fog
 u - 2 scrolls of fear
Potions
 d - 3 potions of might
 e - a potion of resistance
 j - 2 potions of curing


   Skills:
 - Level 4.0 Fighting
 + Level 13.8 Maces & Flails
 - Level 2.6 Dodging


You had 9 spell levels left.
You didn't know any spells.
Your spell library was empty.

Dungeon Overview and Level Annotations

Branches:
Dungeon (9/15)             Temple (0/1) D:4          Bailey (1/1)
   Lair: D:8-11         Orc: D:9-12

Altars:
Gozag
Zin

Shops:
D:2 :

Annotations:
D:8 Psyche


Innate Abilities, Weirdness & Mutations

You are too large for most types of armour.
You have tough skin. (AC +1)
You have a pair of small horns on your head.
You are partially covered in iridescent scales. (AC +2)
A frigid envelope surrounds you and freezes all who hurt you.
You occasionally shout uncontrollably at your foes.


Message History

You hear a shout!
The orc shoots a bolt.
The bolt hits you!
The orc shoots a bolt.
The bolt barely misses you.
The orc shoots a bolt.
The bolt barely misses you.
The orc shouts!
The orc unwields a +0 arbalest.
The orc closely misses you.
The orc shoots a bolt.
The bolt closely misses you.
The orc shoots a bolt.
The bolt barely misses you.
The orc shoots a bolt.
The bolt hits you.
You impale the orc!!
You kill the orc!
Trog accepts your kill.
The orc shoots a bolt.
The bolt hits you!
The orc shoots a bolt.
The bolt hits you!
You are too injured to fight recklessly!
You are too injured to fight recklessly!
You are too injured to fight recklessly!
You are too injured to fight recklessly!
You are too injured to fight recklessly!
The orc shoots a bolt.
The bolt hits you!
An orc comes into view. It is wielding a +0 arbalest.
The orc shouts!
You feel yourself speed up.
The orc shoots a bolt.
The bolt hits you but does no damage.
The orc shoots a bolt.
The bolt hits you!
* * * LOW HITPOINT WARNING * * *
The orc shoots a bolt.
The bolt hits you.
* * * LOW HITPOINT WARNING * * *
A red film seems to cover your vision as you go berserk!
You feel yourself moving faster!
You feel mighty!
You feel a strong urge to attack something.
The orc shoots a bolt.
The bolt hits you!
* * * LOW HITPOINT WARNING * * *
The orc shoots a bolt.
The bolt barely misses you.
The orc shoots a bolt.
The bolt hits you.
* * * LOW HITPOINT WARNING * * *
The orc shoots a bolt.
The bolt barely misses you.
The orc shoots a bolt.
The bolt barely misses you.
You feel your anger nearly subside.
You are no longer berserk.
You are exhausted.
You feel yourself slow down.
The orc shoots a bolt.
The bolt hits you!
You die...

###################
.................∩#
................∩.#
..................#
..................#
.......≈≈≈≈≈....))########
......≈≈###≈≈...)))).....#
......≈##.##≈...))########
...........#≈...@.#
......≈#∩.##≈.....#
......≈##.#≈≈.....#
###...≈≈≈.≈≈......#
##......).......#
##...........o.#
#.......o.....#
##............#
#............#


You could see 2 orcs.

Vanquished Creatures
  A hornet (D:9)
  Sigmund (D:3)
  A wyvern (D:9)
  2 water moccasins
  Duvessa (D:4)
  2 orc warriors
  An ice beast (D:8)
  A sky beast (D:3)
  A black bear (D:7)
  4 necrophages
  5 ogres
  2 centaurs
  5 bullfrogs
  A gnoll sergeant (D:5)
  7 scorpions
  2 water moccasin skeletons
  Dowan (D:4)
  9 killer bees
  3 centaur zombies
  A crimson imp (D:5)
  2 bullfrog zombies (D:7)
  A jelly (D:5)
  4 hounds
  4 bullfrog skeletons
  A centaur skeleton (D:7)
  2 iguanas (D:6)
  Natasha (twice) (D:4)
  2 orc wizards
  A hound skeleton (D:4)
  15 gnolls
  5 adders
  A shadow imp (D:5)
  An ufetubus (D:5)
  4 dart slugs
  32 orcs
  6 ball pythons
  7 endoplasms
  2 giant cockroaches (D:1)
  13 goblins
  3 hobgoblins
  4 jackals
  7 quokkas
  15 bats
  5 frilled lizards
  11 kobolds
  A quokka skeleton (D:4)
  9 rats
211 creatures vanquished.

Vanquished Creatures (others)
  6 fungi (D:7)
  2 plants (D:7)
8 creatures vanquished.

Grand Total: 219 creatures vanquished

Notes
Turn   | Place    | Note
-------+----------+-------------------------------------------
     0 | D:1      | bobregger the Ogre Berserker began the quest for the Orb.
     0 | D:1      | Reached XP level 1. HP: 24/24 MP: 1/1
   162 | D:1      | Reached skill level 3 in Maces & Flails
   258 | D:1      | Reached XP level 2. HP: 32/32 MP: 2/2
   802 | D:1      | Reached XP level 3. HP: 39/39 MP: 3/3
  1264 | D:1      | Reached ** piety under Trog
  1265 | D:1      | Reached skill level 4 in Maces & Flails
  1642 | D:1      | Reached XP level 4. HP: 48/48 MP: 4/4
  2117 | D:2      | Found a glowing silver altar of Zin.
  2269 | D:2      | Found Yczuibauss's Book Shop.
  2732 | D:2      | Found a faded altar of an unknown god.
  2947 | D:3      | Noticed a sky beast
  2955 | D:3      | Killed a sky beast
  2956 | D:3      | Reached skill level 5 in Maces & Flails
  2956 | D:3      | Reached XP level 5. HP: 54/54 MP: 5/5
  3241 | D:3      | Noticed Sigmund
  3274 | D:3      | Killed Sigmund
  3275 | D:3      | Reached skill level 6 in Maces & Flails
  3275 | D:3      | Reached XP level 6. HP: 62/62 MP: 6/6
  3776 | D:4      | Reached skill level 7 in Maces & Flails
  3776 | D:4      | Reached XP level 7. HP: 48/70 MP: 7/7
  4281 | D:4      | Noticed Natasha
  4288 | D:4      | Killed Natasha
  4355 | D:4      | Found a staircase to the Ecumenical Temple.
  4725 | D:4      | Reached skill level 8 in Maces & Flails
  5015 | D:4      | Reached XP level 8. HP: 78/78 MP: 8/8
  5306 | D:4      | Noticed Duvessa
  5317 | D:4      | Killed Duvessa
  5318 | D:4      | Reached skill level 9 in Maces & Flails
  5494 | D:4      | Noticed Natasha
  5503 | D:4      | Killed Natasha
  5556 | D:4      | Noticed Dowan
  5564 | D:4      | Killed Dowan
  5654 | D:5      | Entered Level 5 of the Dungeon
  6216 | D:5      | Reached skill level 10 in Maces & Flails
  7058 | D:5      | Reached XP level 9. HP: 84/84 MP: 9/9
  7147 | D:5      | HP: 4/84 [poisoned by a water moccasin]
  7878 | D:6      | Reached skill level 11 in Maces & Flails
  9642 | D:7      | Reached skill level 12 in Maces & Flails
 10580 | D:7      | Found an opulent altar of Gozag.
 11053 | D:7      | Reached XP level 10. HP: 92/92 MP: 10/10
 11112 | D:7      | Gained mutation: You are somewhat resistant to further
                  | mutation. [potion of mutation]
 11113 | D:7      | Lost mutation: You are somewhat resistant to further
                  | mutation. [potion of mutation]
 11113 | D:7      | Gained mutation: A frigid envelope surrounds you and
                  | freezes all who hurt you. [potion of mutation]
 11113 | D:7      | Gained mutation: You are partially covered in iridescent
                  | scales. (AC +2) [potion of mutation]
 11113 | D:7      | Gained mutation: You occasionally shout uncontrollably at
                  | your foes. [potion of mutation]
 11113 | D:7      | Gained mutation: You have a pair of small horns on your
                  | head. [potion of mutation]
 11156 | D:7      | Reached skill level 13 in Maces & Flails
 11224 | D:7      | Found the +7 Singing Sword {vorpal, sonic wave}
 11539 | D:5      | HP: 4/138 [gnoll sergeant/+0 trident (8)]
 12326 | D:8      | Noticed Psyche
 12335 | D:9      | Paralysed by a hornet for 1 turns
 12337 | D:9      | Reached *** piety under Trog
 12565 | D:9      | Found a flagged portal.
 12575 | Bailey   | Entered a bailey
 12878 | Bailey   | Shot with a bolt by an orc

Illustrated notes

Levels and vault maps discovered:
D:1:      ncdulo_halloftheorcs, layout_basic, chequers_serial_rivers_micro_e
D:2:      layout_basic, serial_shops, nicolae_shop_hallway_plus, basic_altar,
          shapermc_ecumenical_altar_pompeii
D:3:      layout_loops_cross, nrook_mini_backslash, serial_park_tiny_2,
          uniq_sigmund
D:4:      layout_loops_ring, minmay_temple_entry_hall, minmay_vboxes,
          uniq_natasha, uniq_duvessa
D:5:      layout_cave_pools, st_stairs_10, minmay_fire_ice_demons
D:6:      layout_basic
D:7:      old_forge, layout_gridville, nicolae_gozag_seed_capital
D:8:      layout_basic, blue_anna_alchemist, uniq_psyche
D:9:      layout_gridville, enter_bailey_8
Bailey:   bailey_polearm_2, bailey

Skill      XL: |  1  2  3  4  5  6  7  8  9 10 |
---------------+-------------------------------+-----
Maces & Flails | 3 4 5 6 7 8 10 12 13 | 13.8
Fighting       | |  4.0
Dodging        | |  2.6

Action                   |  1- 3 |  4- 6 |  7- 9 | 10-12 || total
-------------------------+-------+-------+-------+-------++-------
Melee: Mace              |   112 |       |       |       ||   112
       Punch             |     1 |     1 |     5 |       ||     7
       Flail             |       |    95 |   421 |    47 ||   563
       Giant spiked club |       |       |       |    10 ||    10
       Headbutt          |       |       |       |    10 ||    10
Invok: Berserk           |     1 |     3 |    16 |     4 ||    24
       Trog's Hand       |       |     2 |     5 |     2 ||     9
Evoke: Wand              |       |       |       |     1 ||     1
  Use: Scroll            |       |       |    10 |     7 ||    17
       Potion            |       |       |     2 |     7 ||     9
 Stab: Sleeping          |       |     1 |       |       ||     1
       Held in net/web   |       |       |       |     1 ||     1
Armor: Animal skin       |    52 |    23 |       |       ||    75
       Robe              |       |     5 |   124 |    27 ||   156
Dodge: Dodged            |    98 |    60 |   251 |    56 ||   465
